 Dungeon Crawl Stone Soup version 0.29-a0-870-g2c972031a6 (webtiles) character file.

Game seed: 17296245928786965107

67 mathmaestro the Grave Robber (level 4, 33/33 HPs)
             Began as a Demonspawn Necromancer on July 17, 2022.
             Quit the game on level 2 of the Dungeon.
             The game lasted 00:04:24 (2214 turns).

mathmaestro the Grave Robber (DsNe)                 Turns: 2214, Time: 00:04:24

Health: 33/33      AC:  3    Str:  8    XL:     4   Next: 0%
Magic:  6/8        EV: 11    Int: 18    God:
Gold:   47         SH:  4    Dex: 16    Spells: 0/8 levels left

rFire   . . .      SeeInvis +   p - +11 spear of Governance {vorpal, Dex+2 SInv}
rCold   . . .      Faith    .   (no shield)
rNeg    . . .      Spirit   .   l - +0 leather armour
rPois   .          Reflect  .   (no helmet)
rElec   .          Harm     .   (no cloak)
rCorr   .          Rampage  .   (no gloves)
Will    .....                   (no boots)
Stlth   ++........              (no amulet)
HPRegen 0.11/turn               s - ring of see invisible
MPRegen 0.11/turn               (no ring)

@: no status effects
A: hooves 1, condensation shield
a: no special abilities


You were on level 2 of the Dungeon.
You visited 1 branch of the dungeon, and saw 2 of its levels.

You collected 47 gold pieces.

Inventory:

Hand Weapons
 g - a +0 sling
 p - the +11 spear of Governance (weapon) {vorpal, Dex+2 SInv}
   (You found it on level 2 of the Dungeon)

   It inflicts extra damage upon your enemies.
   Dex:       It affects your dexterity (+2).
   SInv:      It lets you see invisible.
Armour
 l - a +0 leather armour (worn)
Jewellery
 s - a ring of see invisible (left hand)
Wands
 j - a wand of polymorph (10)
Scrolls
 e - a scroll of noise {unknown}
 f - a scroll of immolation {unknown}
 m - a scroll of vulnerability {unknown}
 o - 2 scrolls of identify {unknown}
 q - a scroll of poison {unknown}
 r - a scroll of teleportation {unknown}
Potions
 a - a potion of haste {unknown}
 b - a potion of magic
 c - 2 potions of mutation {unknown}
 d - 3 potions of curing {unknown}
 h - a potion of attraction {unknown}
 i - 2 potions of cancellation {unknown}
 k - a potion of resistance {unknown}
 n - a potion of brilliance {unknown}


   Skills:
 + Level 1.8 Fighting
 - Level 2.0 Dodging
 - Level 2.0 Stealth
 + Level 2.7 Spellcasting
 + Level 4.9 Necromancy


You couldn't memorise any spells.
You knew the following spells:

 Your Spells              Type           Power      Damage    Failure   Level
a - Necrotise             Necr           80%        1d8       3%          1
b - Vampiric Draining     Necr           20%        2d7       10%         3
c - Animate Dead          Necr           20%        N/A       30%         4

Your spell library contained the following spells:

 Spells                   Type           Power      Damage    Failure   Level
 Portal Projectile        Hex/Tloc       4%         N/A       58%         3
 Tukima's Dance           Hex            2%         N/A       58%         3
 Agony                    Necr           20%        N/A       65%         5
 Blade Hands              Tmut           1%         N/A       100%        5


Dungeon Overview and Level Annotations

Branches:
Dungeon (2/15)

Altars:


Innate Abilities, Weirdness & Mutations

You have large cloven feet.
A meltable shield of frost defends you. (SH +4)


Message History

Casting: Necrotise (safe; 3% risk of failure)
Confirm with . or Enter, or press ? or * to list all spells.
Aiming: Necrotise (safe; 3% risk of failure)
Press: ? - help, Shift-Dir - straight line, f - giant cockroach
Aim: a giant cockroach (wandering, hasn't noticed you, chance to affect: 89%)
The giant cockroach writhes in agony!
You kill the giant cockroach!
A hobgoblin comes into view.
The hobgoblin shouts!
You puncture the goblin!
You kill the goblin!
There are no items here.
Unknown command.
Found a jade ring.
Things that are here:
a +0 club; a scroll labelled VAOJERUYRGH
r - a scroll labelled VAOJERUYRGH You puncture the hobgoblin!
You kill the hobgoblin!
You see here a hobgoblin corpse.
s - a ring of see invisible
s - a ring of see invisible (left hand)
Okay, then.
A hobgoblin comes into view.
Casting: Necrotise (safe; 3% risk of failure)
Confirm with . or Enter, or press ? or * to list all spells.
Aiming: Necrotise (safe; 3% risk of failure)
Press: ? - help, Shift-Dir - straight line, f - hobgoblin
Aim: a hobgoblin (chance to affect: 89%)
The hobgoblin writhes in agony.
You kill the hobgoblin!
The dead are walking!
You have reached level 4!
You feel agile.
Your demonic ancestry asserts itself...
Frost condenses into a shield before you.
This spell is extremely dangerous to cast!
Memorise Animate Dead, consuming 4 spell levels and leaving 0?
You start memorising the spell.
You continue memorising. x4
You finish memorising.
Spell assigned to 'c'.
Are you sure you want to abandon this character and quit the game? (Confirm with "yes".)

###.### ##.#.##)#.##.#...#.##.
#.# #.#.##.#.##...)##.#.## #.#
#.#.##.#...#.##.#.##. ##.##
##†#.##.#.#.##.#.##.#
#...#########†#.##.#.##.#.##.#.
#...........##.#.##.##.#.##.#.#
#...########.##.#.###.#.##.#.##
##### #..##.#.#.#.##.#.##
###@##.#.#.##.#.##
#Z###.#†##.#.## #.# ##.##.#.##
#.# ###.#.## #.. #...## #..
###..###### #.. #.........#
#..# #.##.####.# ... #.# #.#


You could see a friendly hobgoblin skeleton.

Vanquished Creatures
  2 adders (D:2)
  A worm (D:2)
  4 bats
  5 endoplasms
  A giant cockroach (D:2)
  3 goblins (D:2)
  6 hobgoblins
  4 jackals (D:2)
  5 kobolds
  2 quokkas
  5 ball pythons
  2 frilled lizards
  3 rats
43 creatures vanquished.

Notes
Turn   | Place    | Note
-------+----------+-------------------------------------------
     0 | D:1      | mathmaestro the Demonspawn Necromancer began the quest for
                  | the Orb.
     0 | D:1      | Reached XP level 1. HP: 13/13 MP: 3/3
   483 | D:1      | Gained mutation: You have large cloven feet. [demonic
                  | ancestry]
   483 | D:1      | Reached XP level 2. HP: 20/20 MP: 3/5
  1061 | D:2      | Reached skill level 1 in Fighting
  1308 | D:2      | Reached XP level 3. HP: 26/26 MP: 3/6
  1318 | D:2      | Learned a level 3 spell: Vampiric Draining
  1961 | D:2      | Identified the +11 spear of Governance {vorpal, Dex+2 SInv}
  2209 | D:2      | Gained mutation: A meltable shield of frost defends you.
                  | (SH +4) [demonic ancestry]
  2209 | D:2      | Reached XP level 4. HP: 33/33 MP: 6/8
  2214 | D:2      | Learned a level 4 spell: Animate Dead
  2214 | D:2      | Quit the game

Illustrated notes

Levels and vault maps discovered:
D:1:      matt_arrival_refuge, layout_loops_ring, nicolae_figureground_sparkle
D:2:      minmay_inner_zag, layout_loops_corners

Skill      XL: |  1  2 |
---------------+-------+-----
Stealth        | 2 |  2.0
Dodging        | 2 |  2.0
Fighting       | 1 |  1.8
Spellcasting   | |  2.7
Necromancy     | |  4.9

Action                   |  1- 3 |  4- 6 || total
-------------------------+-------+-------++-------
Melee: Unarmed           |     2 |       ||     2
       Spear             |     7 |       ||     7
 Fire: Sling             |    36 |       ||    36
 Cast: Necrotise         |    53 |       ||    53
Armor: Robe              |     2 |       ||     2
       Leather armour    |     5 |       ||     5
Dodge: Dodged            |    38 |       ||    38

Table legend: (Time is in decaauts)
 A = Elapsed time spent in this place.
 B = Non-inter-level travel time spent in this place.
 C = Inter-level travel time spent in this place.
 D = Time resting spent in this place.
 E = Time spent auto-exploring this place.
 F = Levels seen in this place.
 G = Mean time per level.
                   A        B        C        D        E       F      G
               +--------+--------+--------+--------+--------+-----+--------+
         Total |   2227 |   2195 |     32 |    470 |   1414 |   2 | 1113.5 |
       Dungeon |   2227 |   2195 |     32 |    470 |   1414 |   2 | 1113.5 |
               +--------+--------+--------+--------+--------+-----+--------+

Top non-repeatable levels by time:
     D:2: 1258 daAuts
     D:1: 969 daAuts
